Map: Submarine LE

Players

FLORENCIO - Winner!

  • Race: Terran Terran
  • League: Platinum
  • Spawn Location: 11:00

Pellegri

  • Race: Protoss Protoss
  • League: Platinum
  • Spawn Location: 5:00

VOD

https://www.youtube.com/watch?v=xSHVJhjdZPQ

Description

Time

  • Played on: Feb. 9, 2021, 12:35 a.m.
  • Length: 31:43
Show
View Real Time Build Order
Export as new Build Order

FLORENCIO Terran - Winner!

Build Orders: Command Center First (CC), Mech 

Get SALT Encoding   

  12  0:01  SCV  
  13  0:13  SCV  
  14  0:25  SCV  
  15  0:29  Supply Depot  
  15  0:50  SCV  
  16  1:00  Command Center  
  16  1:12  Barracks  
  16  1:14  SCV  
  17  1:24  Refinery  
  17  1:27  SCV  
  18  1:39  SCV  
  19  1:56  SCV  
  19  1:59  Supply Depot  
  21  2:08  SCV  
  21  2:09  Reaper  
  21  2:13  SCV  
  23  2:19  Refinery  
  23  2:20  SCV  
  24  2:25  SCV  
  25  2:32  SCV  
  25  2:35  Supply Depot  
  26  2:37  SCV  
  26  2:41  Marine  
  26  2:43  Bunker  
  28  2:46  SCV  
  28  2:49  SCV  
  30  2:57  Engineering Bay  
  30  3:01  SCV  
  31  3:13  SCV  
  31  3:23  Command Center  
  31  3:25  SCV  
  33  3:43  Supply Depot  
  33  3:46  Marine  
  34  3:50  Planetary Fortress  
  34  3:53  Planetary Fortress  
  33  3:59  Factory  
  33  4:03  Marine  
  34  4:12  Refinery  
  34  4:14  Refinery  
  34  4:21  Marine  
  35  4:33  SCV  
  35  4:35  Missile Turret  
  35  4:37  Missile Turret  
  36  4:45  SCV  
  37  4:54  Missile Turret  
  37  4:57  SCV  
  37  4:58  SCV  
  37  4:59  Factory Tech Lab  
  39  5:02  Planetary Fortress  
  39  5:09  SCV  
  39  5:10  SCV  
  41  5:17  Siege Tank  
  44  5:22  SCV  
  45  5:34  SCV  
  46  5:37  Starport  
  46  5:42  Factory  
  46  5:43  Factory, SCV  
  46  5:46  SCV, Missile Turret  
  48  5:50  SCV  
  48  5:55  SCV  
  50  5:58  SCV  
  50  6:02  SCV  
  52  6:05  Ghost Academy x2  
  52  6:07  Siege Tank  
  52  6:08  SCV  
  52  6:10  SCV  
  57  6:14  SCV  
  58  6:20  SCV  
  58  6:22  SCV, Supply Depot  
  58  6:25  Supply Depot  
  60  6:26  SCV  
  60  6:32  SCV  
  62  6:34  SCV  
  62  6:35  Factory Tech Lab x2  
  62  6:37  Starport Tech Lab  
  62  6:38  SCV  
  64  6:44  SCV  
  64  6:46  SCV  
  66  6:51  SCV  
  66  6:52  Personal Cloaking, Enhanced Shockwaves  
  67  6:56  SCV  
  67  6:59  SCV  
  69  7:03  SCV  
  69  7:05  Neosteel Armor  
  69  7:06  Barracks Tech Lab  
  69  7:07  Refinery x2  
  71  7:08  SCV, Supply Depot  
  71  7:09  Supply Depot  
  71  7:11  SCV  
  71  7:14  Supply Depot  
  71  7:15  SCV  
  73  7:19  Supply Depot x2  
  73  7:20  SCV  
  73  7:22  Siege Tank  
  77  7:23  SCV  
  77  7:27  SCV  
  79  7:35  SCV  
  80  7:48  Factory Tech Lab  
  80  7:56  Sensor Tower  
  80  8:04  Sensor Tower, Command Center x2  
  80  8:06  SCV  
  80  8:10  Ghost  
  83  8:13  Medivac  
  83  8:18  SCV  
  86  8:23  Supply Depot  
  86  8:24  Supply Depot  
  86  8:25  Supply Depot  
  86  8:26  Siege Tank, Supply Depot  
  89  8:27  Supply Depot  
  89  8:34  SCV  
  89  8:35  SCV  
  89  8:39  Ghost  
  89  8:40  Starport  
  93  8:44  Starport  
  93  8:56  Siege Tank x2  
  93  8:58  Siege Tank  
  102  9:04  Armory  
  102  9:38  Nuke x2  
  102  9:54  Missile Turret  
  102  9:55  Missile Turret  
  102  9:56  Missile Turret x2  
  102  9:57  Missile Turret  
  100  10:06  Viking x3  
  106  10:09  Thor  
  112  10:23  Ghost  
  114  10:35  Thor  
  108  10:36  Viking x3  
  112  10:52  Ghost  
  112  10:53  Thor x2  
  126  11:06  Viking x2  
  130  11:14  Missile Turret  
  130  11:18  Missile Turret x2  
  128  11:19  Missile Turret x2  
  128  11:20  Ghost  
  128  11:21  Missile Turret  
  128  11:24  Viking  
  132  11:36  Viking x2, Nuke x2  
  136  11:46  Planetary Fortress, Missile Turret  
  136  11:49  Missile Turret x2  
  136  11:54  Viking  
  136  12:06  Viking  
  136  12:08  Viking  
  140  12:18  Hellion  
  140  12:19  Hellion x2  
  140  12:22  Supply Depot  
  146  12:24  Viking  
  148  12:35  Viking  
  150  12:38  Viking  
  150  12:40  Hellion x3  
  112  12:54  Viking  
  112  12:59  Missile Turret  
  112  13:00  Missile Turret x2  
  112  13:01  Missile Turret  
  112  13:04  Widow Mine  
  112  13:05  Widow Mine x2, Viking  
  118  13:08  Viking  
  106  13:23  Viking  
  106  13:26  Widow Mine x3  
  98  13:35  Viking  
  98  13:38  Viking  
  99  13:47  Widow Mine x3  
  99  13:53  Viking  
  81  14:05  Viking  
  81  14:08  Widow Mine, Viking  
  81  14:09  Widow Mine x2  
  83  14:23  Viking  
  82  14:30  Widow Mine x3, Planetary Fortress  
  88  14:35  Viking  
  90  14:41  Command Center  
  90  14:47  Refinery  
  90  14:49  Refinery  
  90  14:53  Missile Turret  
  90  15:16  Missile Turret  
  90  15:18  Missile Turret  
  92  15:39  Widow Mine  
  92  15:53  Widow Mine x2  
  96  15:59  Viking x2  
  96  16:00  Viking  
  96  16:01  Widow Mine  
  100  16:15  Widow Mine x2  
  100  16:18  Planetary Fortress  
  104  16:21  Missile Turret  
  104  16:22  Widow Mine  
  104  16:24  Missile Turret  
  106  16:30  Nuke x2  
  106  16:36  Widow Mine, Armory  
  108  16:48  Barracks  
  108  16:58  Refinery  
  108  17:55  Widow Mine  
  108  18:06  Widow Mine  
  104  18:13  Thor  
  104  18:16  Thor  
  80  18:23  Viking x3  
  86  18:27  Thor  
  92  18:47  Missile Turret x3  
  92  18:48  Missile Turret  
  92  18:55  Viking  
  92  19:08  Supply Depot  
  92  19:10  Supply Depot  
  92  19:29  Bunker  
  92  19:30  Viking x2  
  82  19:32  Thor  
  88  19:38  Supply Depot x2  
  88  19:39  Supply Depot  
  88  19:40  Thor, Supply Depot  
  94  19:51  Missile Turret  
  94  19:53  Missile Turret x2  
  94  19:57  Missile Turret  
  94  19:58  Missile Turret  
  94  19:59  Thor  
  94  20:00  Viking  
  102  20:12  Missile Turret  
  102  20:13  Missile Turret  
  102  20:19  Missile Turret  
  102  20:35  Viking x3  
  108  21:02  Widow Mine  
  110  21:12  Refinery  
  110  21:14  Supply Depot  
  110  21:18  Widow Mine  
  110  21:19  Viking  
  110  21:21  Thor  
  110  21:23  Widow Mine  
  90  21:39  Widow Mine  
  74  21:45  Widow Mine  
  76  22:01  Widow Mine  
  78  22:04  Widow Mine  
  78  22:05  Drilling Claws  
  78  22:06  Widow Mine  
  82  22:22  Widow Mine  
  80  22:25  Thor  
  80  22:27  Thor  
  92  22:42  Viking x2  
  92  22:43  Viking, Thor  
  98  23:48  Thor x3  
  78  23:53  Command Center  
  90  24:12  Ghost  
  90  24:16  Missile Turret  
  92  24:17  Missile Turret  
  92  24:27  Missile Turret  
  92  24:28  Missile Turret  
  92  24:38  Hellion x3  
  102  25:10  Thor x3  
  106  25:53  Thor x2  
  118  25:58  Widow Mine  
  116  26:19  Widow Mine  
  118  26:36  Widow Mine x2  
  122  26:41  Widow Mine  
  122  26:58  Widow Mine x2  
  126  27:02  Widow Mine  
  128  27:15  Supply Depot  
  128  27:17  Supply Depot x2  
  128  27:39  Widow Mine x2, Thor  
  138  28:01  Widow Mine x2  
  142  28:29  Thor  
  142  28:30  Widow Mine x2  
  142  28:31  Raven  
  126  28:51  Thor x2  
  138  29:12  Widow Mine  
  138  29:13  Raven  
  142  30:23  Widow Mine  
  142  30:27  Widow Mine  
  142  30:28  Widow Mine  
  110  30:44  Widow Mine  
  112  30:48  Widow Mine  
  112  30:49  Widow Mine  
  112  31:10  Widow Mine  
  112  31:26  Command Center  
Show
View Real Time Build Order
Export as new Build Order

Pellegri Protoss 

Build Orders: 1 Gate Expand, Carriers, Colossus Rush 

Get SALT Encoding   

  12  0:00  Probe  
  13  0:13  Pylon  
  13  0:18  Probe  
  14  0:31  Gateway  
  14  0:33  Probe (Chrono Boost)  
  16  0:43  Probe (Chrono Boost)  
  16  0:45  Assimilator  
  16  0:48  Probe (Chrono Boost)  
  17  0:59  Probe  
  18  1:12  Probe  
  19  1:20  Cybernetics Core  
  19  1:24  Probe  
  20  1:33  Assimilator  
  20  1:42  Nexus  
  20  1:47  Pylon  
  20  1:50  Probe  
  21  1:55  Stalker (Chrono Boost)  
  21  1:56  Warp Gate (Chrono Boost)  
  23  2:09  Probe  
  24  2:18  Stalker  
  24  2:21  Probe  
  27  2:32  Robotics Facility  
  27  2:33  Probe  
  28  2:45  Probe  
  28  2:46  Shield Battery  
  29  2:54  Probe  
  29  2:57  Probe  
  29  2:58  Stalker  
  33  3:06  Probe  
  32  3:20  Probe x2  
  32  3:22  Observer (Chrono Boost)  
  34  3:32  Robotics Bay, Probe x2  
  36  3:36  Observer (Chrono Boost)  
  37  3:43  Stalker  
  37  3:44  Probe x2  
  41  3:50  Pylon  
  41  3:53  Pylon  
  41  3:56  Probe x2  
  43  4:09  Stalker  
  45  4:14  Probe x2  
  47  4:26  Probe x2, Colossus  
  55  4:32  Assimilator  
  55  4:36  Assimilator  
  55  4:39  Pylon  
  55  4:42  Pylon  
  55  4:49  Stalker  
  57  4:55  Pylon  
  57  5:01  Probe x2  
  59  5:08  Pylon  
  59  5:13  Probe x2  
  60  5:25  Probe x2  
  60  5:26  Stargate  
  62  5:29  Stargate  
  62  5:37  Probe x2  
  62  5:41  Nexus, Pylon  
  64  5:49  Probe x2  
  66  5:52  Pylon  
  66  5:54  Pylon  
  66  6:01  Probe x2  
  68  6:11  Gateway  
  68  6:12  Gateway  
  68  6:13  Probe x2  
  70  6:19  Gateway  
  70  6:20  Gateway  
  70  6:21  Gateway  
  70  6:26  Gateway  
  70  6:32  Assimilator  
  70  6:37  Assimilator  
  70  6:38  Stalker  
  72  6:46  Probe x2, Pylon  
  74  6:48  Pylon  
  74  6:50  Observer  
  74  6:51  Pylon  
  75  6:54  Pylon  
  75  6:56  Probe  
  75  6:58  Probe x2  
  78  7:04  Forge  
  78  7:09  Probe  
  78  7:10  Probe x2  
  78  7:11  Observer  
  78  7:14  Fleet Beacon  
  82  7:18  Forge  
  82  7:21  Probe  
  83  7:23  Forge  
  83  7:29  Protoss Shields Level 1, Cybernetics Core  
  83  7:32  Shield Battery, Pylon  
  83  7:33  Observer  
  83  7:34  Probe x2  
  83  7:35  Probe  
  87  7:42  Protoss Ground Armor Level 1  
  87  7:45  Protoss Ground Weapons Level 1  
  87  7:46  Probe  
  88  7:54  Observer  
  89  8:05  Void Ray x2  
  89  8:06  Probe x3  
  89  8:10  Protoss Air Weapons Level 1 (Chrono Boost)  
  100  8:14  Flux Vanes  
  100  8:17  Protoss Air Armor Level 1 (Chrono Boost)  
  100  8:18  Probe x3  
  103  8:26  Stargate  
  103  8:29  Stargate  
  103  8:30  Probe x3  
  103  8:32  Stargate  
  106  8:42  Probe  
  106  8:44  Nexus  
  107  8:51  Gravitic Boosters  
  107  9:07  Void Ray x4  
  107  9:10  Void Ray  
  127  9:23  Assimilator  
  127  9:28  Assimilator  
  127  9:30  Pylon  
  127  9:33  Pylon  
  127  9:35  Pylon  
  127  9:36  Photon Cannon  
  127  9:37  Photon Cannon, Pylon  
  127  9:40  Photon Cannon x2, Pylon  
  127  9:42  Photon Cannon  
  127  9:48  Extended Thermal Lance  
  127  9:51  Probe x3  
  130  10:03  Probe x3  
  133  10:11  Twilight Council  
  133  10:16  Probe x2 (Chrono Boost)  
  133  10:18  Protoss Air Weapons Level 2  
  133  10:20  Mothership (Chrono Boost)  
  136  10:22  Protoss Air Armor Level 2  
  145  10:33  Probe x2 (Chrono Boost)  
  144  10:46  Void Ray x4  
  159  11:23  Charge (Chrono Boost)  
  159  11:29  Protoss Ground Weapons Level 2  
  147  11:49  Void Ray x2  
  155  12:03  Void Ray x2  
  163  12:18  Zealot x5  
  149  12:46  Void Ray  
  149  12:47  Void Ray x4  
  149  12:57  Probe x4, Blink  
  173  13:09  Probe x4  
  174  13:19  Stalker x5  
  133  14:03  Protoss Ground Armor Level 2  
  103  14:10  Void Ray x4  
  103  14:11  Void Ray  
  111  14:19  Stalker x5  
  113  14:26  Observer (Chrono Boost)  
  111  14:38  Probe x3  
  111  14:39  Probe  
  111  14:40  Observer (Chrono Boost)  
  111  14:43  Zealot x5  
  111  14:45  Nexus  
  125  14:50  Probe x3  
  125  14:51  Probe  
  129  14:58  Resonating Glaives, Void Ray x3  
  129  14:59  Void Ray, Observer  
  130  15:01  Void Ray  
  130  15:02  Probe  
  130  15:03  Probe x3  
  154  15:14  Probe  
  154  15:15  Probe x3  
  154  15:21  Observer  
  159  15:27  Probe  
  160  15:32  Stalker  
  160  15:33  Stalker x4  
  169  15:42  Observer  
  170  15:44  Photon Cannon  
  170  15:45  Photon Cannon  
  170  15:47  Photon Cannon  
  170  15:57  Stalker x5  
  139  16:17  Carrier x2  
  151  16:40  Zealot x5  
  161  16:48  Carrier x2  
  161  16:53  Pylon  
  173  16:55  Pylon  
  172  17:24  Protoss Shields Level 2  
  172  17:35  Observer  
  172  17:41  Protoss Air Weapons Level 3  
  169  17:44  Protoss Air Armor Level 3  
  153  18:05  Carrier x2  
  165  18:13  Nexus  
  126  18:48  Carrier  
  114  19:09  Carrier  
  120  19:20  Observer  
  119  19:35  Probe x3  
  119  19:38  Probe  
  123  19:44  Observer  
  123  19:47  Probe x2  
  102  20:57  Assimilator  
  102  20:58  Probe x4, Assimilator  
  106  21:10  Probe x4  
  110  21:22  Probe x4  
  95  21:34  Probe  
  90  21:42  Carrier x2  
  102  21:53  Observer  
  99  22:15  Observer  
  100  22:17  Nexus  
  100  22:29  Carrier x2  
  112  22:36  Observer  
  107  22:58  Observer  
  108  23:19  Observer  
  89  23:49  Probe x3  
  89  23:50  Probe  
  93  24:01  Probe x2  
  93  24:02  Probe x2  
  95  24:10  Carrier  
  95  24:13  Probe  
  95  24:14  Probe x3  
  105  24:26  Probe x2  
  95  25:07  Carrier x2  
  103  25:54  Zealot x2  
  103  25:55  Zealot x3  
  113  26:17  Zealot x2  
  113  26:18  Zealot x3  
  123  26:41  Dark Shrine  
  122  27:13  Observer  
  122  27:27  Nexus  
  121  27:57  Tempest x3  
  136  28:03  Assimilator  
  136  28:04  Assimilator  
  136  28:06  Nexus  
  136  28:13  Dark Templar  
  92  28:46  Tempest  
  97  28:55  Assimilator  
  97  28:59  Assimilator  
  97  29:13  Probe x2  
  97  29:14  Probe x2  
  101  29:26  Oracle  
  104  29:41  Probe  
  104  29:42  Probe x4  
  109  29:49  Oracle  
  112  30:04  Probe  
  112  30:05  Probe x2  
Tags
 
Add a new tag
Caveats
  • Supply blocks, unpowered buildings, or Contaminate may cause inaccurate times.
  • Supply counts are checked every 10 seconds.